 Dungeon Crawl Stone Soup version 0.27.0-66-gdc8fb28755 (webtiles) character file.

Game seed: 13204660040315309040

1410 pkoi the Grappler (level 8, -1/78 HPs)
             Began as a Troll Monk on Aug 20, 2021.
             Slain by Harold (5 damage)
             ... on level 7 of the Dungeon.
             The game lasted 00:08:02 (4927 turns).

pkoi the Grappler (Troll Monk)                      Turns: 4927, Time: 00:08:03

Health: -1/78      AC:  5    Str: 22      XL:     8   Next: 42%
Magic:  7/7        EV: 11    Int:  5 (6)  God:
Gold:   439        SH:  0    Dex: 12      Spells: 7/7 levels left

rFire    . . .     SeeInvis .     - Unarmed
rCold    . . .     Faith    .   (no shield)
rNeg     . . .     Spirit   .   a - +1 robe
rPois    .         Reflect  .   (helmet restricted)
rElec    .         Harm     .   (no cloak)
rCorr    .         Rampage  .   (gloves unavailable)
Will     .....                  (boots unavailable)
Stlth    ++........             (no amulet)
HPRegen  1.23/turn              (no ring)
MPRegen  0.10/turn              (no ring)

@: marked
A: large, unfitting armour, claws 3, regeneration 1, shaggy fur 1, tough skin 1,
horns 1, deterioration 1
a: no special abilities


You were on level 7 of the Dungeon.
You visited 1 branch of the dungeon, and saw 7 of its levels.

You collected 460 gold pieces.
You spent 21 gold pieces at shops.

Inventory:

Missiles
 d - a throwing net
 f - 3 large rocks (quivered)
 o - 27 poisoned darts
Armour
 a - a +1 robe (worn)
Wands
 j - a wand of charming (12)
 k - a wand of polymorph (4)
Scrolls
 c - 3 scrolls of identify
 g - a scroll of magic mapping
 n - a scroll of amnesia
Potions
 b - 3 potions of curing
 e - a potion of ambrosia
 h - 2 potions of degeneration
 l - a potion of brilliance
 p - a potion of cancellation {unknown}


   Skills:
 + Level 3.9 Fighting
 - Level 1.0 Throwing
 + Level 3.8 Dodging
 - Level 1.0 Stealth
 * Level 9.4 Unarmed Combat


You had 7 spell levels left.
You didn't know any spells.
Your spell library contained the following spells:

 Spells                   Type           Power      Damage    Failure   Level
 Corona                   Hex            0%         N/A       47%         1
 Summon Small Mammal      Summ           0%         N/A       47%         1
 Ensorcelled Hibernation  Hex/Ice        0%         N/A       63%         2
 Call Canine Familiar     Summ           0%         N/A       85%         3
 Portal Projectile        Hex/Tloc       0%         N/A       85%         3
 Summon Guardian Golem    Hex/Summ       0%         N/A       85%         3
 Tukima's Dance           Hex            0%         N/A       85%         3
 Leda's Liquefaction      Hex/Erth       0%         N/A       99%         4


Dungeon Overview and Level Annotations

Branches:
Dungeon (7/15)             Temple (0/1) D:6

Altars:
Nemelex Xobeh

Shops:
D:2 (

Annotations:
D:7 Harold


Innate Abilities, Weirdness & Mutations

You are too large for most types of armour.
You have claws for hands.
Your natural rate of healing is unusually fast.
You are covered in fur. (AC +1)
You have tough skin. (AC +1)
You have a pair of small horns on your head.
Your body sometimes deteriorates upon taking damage.


Message History

You scratch Harold but do no damage. You claw Harold, but do no damage.
Harold is lightly wounded.
Harold hits you with a +0 vampiric battleaxe!
Your body deteriorates!
You feel dopey.
You completely miss Harold. You headbutt Harold, but do no damage.
Harold is lightly wounded.
Harold looks eager to get this over with.
Harold closely misses you.
You scratch Harold. Your headbutt misses Harold.
Harold is lightly wounded.
Harold gestures at you while chanting. A sentinel's mark forms upon you.
You scratch Harold. Your claw misses Harold.
Harold is lightly wounded.
You claw Harold! You headbutt Harold. You claw Harold.
Harold is heavily wounded.
Harold hits you but does no damage.
You claw Harold!
Harold is severely wounded.
Harold casts a spell at you. The mark upon you grows brighter.
You claw Harold!
Harold is almost dead.
Harold hits you with a +0 vampiric battleaxe!
Harold draws strength from your wounds!
You barely miss Harold. Your headbutt misses Harold.
Harold is almost dead.
Harold hits you with a +0 vampiric battleaxe.
Harold draws strength from your wounds!
You barely miss Harold. You headbutt Harold, but do no damage.
Harold is almost dead.
You scratch Harold but do no damage. You headbutt Harold, but do no damage.
Harold is almost dead.
Harold hits you with a +0 vampiric battleaxe!!
* * * LOW HITPOINT WARNING * * *
Harold draws strength from your wounds!
You scratch Harold but do no damage.
Harold is severely wounded.
Harold hits you with a +0 vampiric battleaxe.
You die...

#......##..........
#..................
#.##...##.#......###
#...................
#..................
..#....#.#...[..##
#....#.#......#
#....#.#......#
#@...#.#......#
#..@....#.#......#
#................#
#................#
#................####
#....................
.................####
....#...#..##.<.......
...............


You could see Harold.

Vanquished Creatures
  Prince Ribbit (D:6)
  2 steam dragons (D:6)
  A water moccasin (D:5)
  A sky beast (D:6)
  An ice beast (D:5)
  An ogre (D:6)
  2 phantoms
  A wyvern skeleton (D:6)
  A killer bee (D:5)
  3 wights (D:6)
  A jelly (D:4)
  A hound (D:5)
  2 iguanas
  3 adders
  A worm (D:3)
  2 dart slugs
  12 orcs
  8 endoplasms
  A giant cockroach (D:3)
  6 goblins
  5 hobgoblins
  3 jackals (D:1)
  8 kobolds
  2 quokkas
  6 ball pythons
  6 bats
  6 frilled lizards
  9 rats
96 creatures vanquished.

Notes
Turn   | Place    | Note
-------+----------+-------------------------------------------
     0 | D:1      | pkoi the Troll Monk began the quest for the Orb.
     0 | D:1      | Reached XP level 1. HP: 22/22 MP: 0/0
   120 | D:1      | Reached XP level 2. HP: 29/29 MP: 1/1
   394 | D:1      | Reached skill level 4 in Unarmed Combat
   744 | D:2      | Found Susil's Weapon Emporium.
   770 | D:2      | Bought 3 large rocks for 21 gold pieces
   783 | D:2      | Reached XP level 3. HP: 33/36 MP: 2/2
   847 | D:2      | Reached skill level 1 in Throwing
   847 | D:2      | Reached XP level 4. HP: 44/44 MP: 3/3
  1339 | D:3      | Reached skill level 5 in Unarmed Combat
  1803 | D:4      | Reached XP level 5. HP: 22/50 MP: 4/4
  3020 | D:5      | Entered Level 5 of the Dungeon
  3095 | D:5      | Found a sparkling altar of Nemelex Xobeh.
  3123 | D:5      | Noticed a phantom
  3129 | D:5      | Killed a phantom
  3130 | D:5      | Reached skill level 6 in Unarmed Combat
  3135 | D:5      | Noticed a water moccasin
  3148 | D:5      | Killed a water moccasin
  3149 | D:5      | Reached skill level 7 in Unarmed Combat
  3149 | D:5      | Reached XP level 6. HP: 26/59 MP: 5/5
  3228 | D:5      | Noticed an ice beast
  3238 | D:5      | Killed an ice beast
  3711 | D:5      | Gained mutation: You have a pair of small horns on your
                  | head. [potion of mutation]
  3711 | D:5      | Gained mutation: Your body sometimes deteriorates upon
                  | taking damage. [potion of mutation]
  3806 | D:5      | Reached XP level 7. HP: 46/66 MP: 6/6
  4000 | D:6      | Noticed a steam dragon
  4006 | D:6      | Killed a steam dragon
  4007 | D:6      | Reached skill level 8 in Unarmed Combat
  4108 | D:6      | Noticed a steam dragon
  4112 | D:6      | Killed a steam dragon
  4296 | D:6      | Reached XP level 8. HP: 75/75 MP: 7/7
  4328 | D:6      | Reached skill level 9 in Unarmed Combat
  4520 | D:6      | Noticed Prince Ribbit
  4525 | D:6      | Killed Prince Ribbit
  4775 | D:6      | Found a staircase to the Ecumenical Temple.
  4909 | D:7      | Noticed Harold
  4926 | D:7      | HP: 3/78 [Harold (24)]
  4927 | D:7      | Slain by Harold

Illustrated notes

Levels and vault maps discovered:
D:1:      saegor_arrival_simple_b, layout_loops_cross, minmay_misc_feat_roman,
          minmay_misc_feat_tiny, minmay_misc_feat_room, corexii_hall_statues_x,
          minmay_misc_feat_x
D:2:      layout_rooms, serial_shops, shop_fountains, bh_walls_and_bars
D:3:      minmay_general_purpose_star, layout_rooms, serial_park_tiny_1
D:4:      layout_layer_cave, chequers_big_river, chequers_jeans
D:5:      layout_basic, general_overflow_altar
D:6:      layout_loops_corners, minmay_temple_entry_from_below_a,
          uniq_prince_ribbit1
D:7:      layout_basic, nzn_ghost_randoct, uniq_crazy_yiuf_cottage, uniq_harold,
          uniq_duvessa

Skill      XL: |  1  2  3  4  5  6  7  8 |
---------------+-------------------------+-----
Unarmed Combat | 4 5 7 8 9 |  9.4
Throwing       | 1 |  1.0
Fighting       | 3 |  3.9
Dodging        | 3 |  3.8
Stealth        | |  1.0

Action                   |  1- 3 |  4- 6 |  7- 9 || total
-------------------------+-------+-------+-------++-------
Melee: Unarmed           |    78 |   121 |    56 ||   255
       Punch             |     2 |       |     2 ||     4
       Headbutt          |       |       |     8 ||     8
  Use: Potion            |       |     7 |       ||     7
       Scroll            |       |     4 |     3 ||     7
 Stab: Sleeping          |     2 |     1 |     1 ||     4
Armor: Robe              |    24 |    31 |     6 ||    61
Dodge: Dodged            |    39 |    52 |    20 ||   111
